PL
ATLANTA SMOKE @ FT. WORTH CATTLEMEN
06/26/2022
 
TOP OF THE 1ST
Atlanta Smoke batting - Pitching for Ft. Worth Cattlemen : RHP Nicholas Wells
Pitching: RHP Nicholas Wells
Batting: LHB Albert Morán 0-0: Called Strike
0-1: Called Strike
0-2: Strikes out looking
Batting: RHB Cale Sutton 0-0: Ball
1-0: Ball
2-0: Ball
3-0: Foul Ball, location: 2F
3-1: Base on Balls
Batting: LHB Armando Esparza 0-0: Ball
1-0: Foul Ball, location: 2F
1-1: Foul Ball, location: 2F
1-2: Foul Ball, location: 2F
1-2: Ball
2-2: Ball
3-2: Fly out, F9 (Flyball, 9M)
3-2: Fly out, F9 (Flyball, 9M)
Batting: RHB Iván Pérez 0-0: Ball
1-0: Ball
2-0: Foul Ball, location: 2F
2-1: Ball
3-1: Foul Ball, location: 2F
3-2: Strikes out looking
Top of the 1st over - 0 run(s), 0 hit(s), 0 error(s), 1 left on base; Atlanta 0 - Ft. Worth 0
BOTTOM OF THE 1ST
Ft. Worth Cattlemen batting - Pitching for Atlanta Smoke : RHP Makoto Kato
Pitching: RHP Makoto Kato
Batting: SHB Robby Day 0-0: Ball
1-0: Ball
2-0: Foul Ball, location: 2F
2-1: Ball
3-1: Swinging Strike
3-2: Strikes out swinging
Batting: RHB Alan Elder 0-0: Called Strike
0-1: Foul Ball, location: 2F
0-2: Fly out, F8 (Flyball, 8LM)
Batting: RHB Bart Lewis 0-0: Ball
1-0: Called Strike
1-1: Foul Ball, location: 2F
1-2: Ground out 6-3 (Groundball, 6)
Bottom of the 1st over - 0 run(s), 0 hit(s), 0 error(s), 0 left on base; Atlanta 0 - Ft. Worth 0
TOP OF THE 2ND
Atlanta Smoke batting - Pitching for Ft. Worth Cattlemen : RHP Nicholas Wells
Batting: RHB Bob Campbell 0-0: Ball
1-0: Called Strike
1-1: Foul Ball, location: 2F
1-2: Strikes out looking
Batting: RHB Chris Teague 0-0: Called Strike
0-1: Swinging Strike
0-2: Ball
1-2: Foul Ball, location: 2F
1-2: Foul Ball, location: 2F
1-2: Ball
2-2: SINGLE (Groundball, 3S)
Batting: RHB Mike Brown 0-0: Called Strike
0-1: Ball
1-1: Ball
2-1: SINGLE (Line Drive, 89M)
Chris Teague to second
Runner from 2nd tries for 3rd, SAFE, throw made to third
Batting: RHB Bartolo Morales 0-0: Called Strike
0-1: Ball
1-1: Ball
2-1: Fly out, F7 (Flyball, 7LM)
Runner from 3rd tags up, SCORES, throw made
Batting: RHB Mike Burns 0-0: Called Strike
0-1: Ground out 5-3 (Groundball, 5S)
Top of the 2nd over - 1 run(s), 2 hit(s), 0 error(s), 1 left on base; Atlanta 1 - Ft. Worth 0
BOTTOM OF THE 2ND
Ft. Worth Cattlemen batting - Pitching for Atlanta Smoke : RHP Makoto Kato
Batting: LHB Ryan Westlake 0-0: Swinging Strike
0-1: Ball
1-1: Fly out, F3 (Line Drive, 3D)
Batting: RHB Joey Morgan 0-0: Ball
1-0: Ball
2-0: Called Strike
2-1: Ball
3-1: Fly out, F8 (Line Drive, 8LM)
Batting: LHB Pat McJannett 0-0: Ball
1-0: SOLO HOME RUN (Flyball, 7D), Distance : 394 ft
Batting: LHB Toyokazu Asano 0-0: Ball
1-0: Foul Ball, location: 2F
1-1: Swinging Strike
1-2: Strikes out looking
Bottom of the 2nd over - 1 run(s), 1 hit(s), 0 error(s), 0 left on base; Atlanta 1 - Ft. Worth 1
TOP OF THE 3RD
Atlanta Smoke batting - Pitching for Ft. Worth Cattlemen : RHP Nicholas Wells
Batting: LHB Albert Morán 0-0: Called Strike
0-1: Called Strike
0-2: Strikes out swinging
Batting: RHB Cale Sutton 0-0: Swinging Strike
0-1: Ball
1-1: Fly out, F8 (Flyball, 8RD)
Batting: LHB Armando Esparza 0-0: Called Strike
0-1: Ball
1-1: Called Strike
1-2: Ball
2-2: Ball
3-2: Foul Ball, location: 2F
3-2: Strikes out swinging
Top of the 3rd over - 0 run(s), 0 hit(s), 0 error(s), 0 left on base; Atlanta 1 - Ft. Worth 1
BOTTOM OF THE 3RD
Ft. Worth Cattlemen batting - Pitching for Atlanta Smoke : RHP Makoto Kato
Batting: LHB Bill Burgess 0-0: Ground out 5-3 (Groundball, 56)
Batting: RHB Jack Weber 0-0: Foul Ball, location: 2F
0-1: Ball
1-1: Fly out, F7 (Flyball, 7M)
Batting: SHB Robby Day 0-0: Ball
1-0: Ball
2-0: Fly out, F8 (Flyball, 78M)
Bottom of the 3rd over - 0 run(s), 0 hit(s), 0 error(s), 0 left on base; Atlanta 1 - Ft. Worth 1
TOP OF THE 4TH
Atlanta Smoke batting - Pitching for Ft. Worth Cattlemen : RHP Nicholas Wells
Batting: RHB Iván Pérez 0-0: Called Strike
0-1: Called Strike
0-2: Ground out 5-3 (Groundball, 5L)
Batting: RHB Bob Campbell 0-0: Called Strike
0-1: Ball
1-1: Ball
2-1: Ball
3-1: Base on Balls
Batting: RHB Chris Teague 0-0: Called Strike
0-1: Foul Ball, location: 2F
0-2: Foul Ball, location: 2F
0-2: Strikes out swinging
Batting: RHB Mike Brown 0-0: Ball
1-0: Called Strike
1-1: SINGLE (Line Drive, 78S)
Bob Campbell to second
Batting: RHB Bartolo Morales 0-0: Fielders Choice at 2nd, 5-4 (Groundball, 56)
Top of the 4th over - 0 run(s), 1 hit(s), 0 error(s), 1 left on base; Atlanta 1 - Ft. Worth 1
BOTTOM OF THE 4TH
Ft. Worth Cattlemen batting - Pitching for Atlanta Smoke : RHP Makoto Kato
Batting: RHB Alan Elder 0-0: Ball
1-0: Called Strike
1-1: Ball
2-1: Foul Ball, location: 2F
2-2: Ball
3-2: Foul Ball, location: 2F
3-2: Ground out 6-3 (Groundball, 6)
Batting: RHB Bart Lewis 0-0: Ball
1-0: Called Strike
1-1: Ground out 6-3 (Groundball, 6M)
Batting: LHB Ryan Westlake 0-0: Called Strike
0-1: SINGLE (Line Drive, 9S)
Batting: RHB Joey Morgan 0-0: Ball
1-0: Called Strike
1-1: Ball
2-1: Swinging Strike
2-2: 2-RUN HOME RUN (Flyball, 7D), Distance : 391 ft
Batting: LHB Pat McJannett 0-0: Ball
1-0: Ball
2-0: Ball
3-0: Called Strike
3-1: Called Strike
3-2: Strikes out swinging
Bottom of the 4th over - 2 run(s), 2 hit(s), 0 error(s), 0 left on base; Atlanta 1 - Ft. Worth 3
TOP OF THE 5TH
Atlanta Smoke batting - Pitching for Ft. Worth Cattlemen : RHP Nicholas Wells
Batting: RHB Mike Burns 0-0: Called Strike
0-1: Ball
1-1: Swinging Strike
1-2: Ball
2-2: Ball
3-2: Base on Balls
Batting: LHB Albert Morán 0-0: Sac Bunt - play at first, batter OUT! 3-4
Mike Burns to second
Batting: RHB Cale Sutton 0-0: Swinging Strike
0-1: Ball
1-1: Ball
2-1: Ball
Mike Burns steals 3rd base
3-1: Foul Ball, location: 2F
3-2: Foul Ball, location: 2F
3-2: Base on Balls
Batting: LHB Armando Esparza 0-0: Ball
1-0: Called Strike
1-1: Grounds into double play, 6-4-3 (Groundball, 6)
Top of the 5th over - 0 run(s), 0 hit(s), 0 error(s), 1 left on base; Atlanta 1 - Ft. Worth 3
BOTTOM OF THE 5TH
Ft. Worth Cattlemen batting - Pitching for Atlanta Smoke : RHP Makoto Kato
Batting: LHB Toyokazu Asano 0-0: Foul Ball, location: 2F
0-1: Ball
1-1: Foul Ball, location: 2F
1-2: Ball
2-2: Ground out U3 (Groundball, 3)
Batting: LHB Bill Burgess 0-0: Ground out 4-3 (Groundball, 4)
Batting: RHB Jack Weber 0-0: Foul Ball, location: 2F
0-1: Ball
1-1: Ball
2-1: Foul Ball, location: 2F
2-2: Foul Ball, location: 2F
2-2: Strikes out swinging
Bottom of the 5th over - 0 run(s), 0 hit(s), 0 error(s), 0 left on base; Atlanta 1 - Ft. Worth 3
TOP OF THE 6TH
Atlanta Smoke batting - Pitching for Ft. Worth Cattlemen : RHP Nicholas Wells
Batting: RHB Iván Pérez 0-0: Ball
1-0: Ball
2-0: Called Strike
2-1: Ground out 6-3 (Groundball, 6M)
Batting: RHB Bob Campbell 0-0: Ground out 2-3 (Groundball, 23)
Batting: RHB Chris Teague 0-0: Called Strike
0-1: Foul Ball, location: 2F
0-2: Ball
1-2: Strikes out swinging
Top of the 6th over - 0 run(s), 0 hit(s), 0 error(s), 0 left on base; Atlanta 1 - Ft. Worth 3
BOTTOM OF THE 6TH
Ft. Worth Cattlemen batting - Pitching for Atlanta Smoke : RHP Makoto Kato
Batting: SHB Robby Day 0-0: Foul Ball, location: 2F
0-1: Ball
1-1: Ball
2-1: Ground out 1-3 (Groundball, 23)
Batting: RHB Alan Elder 0-0: Foul Ball, location: 2F
0-1: Called Strike
0-2: Ball
1-2: SINGLE (Groundball, 4MD)
Batting: RHB Bart Lewis 0-0: Called Strike
0-1: Ball
1-1: Grounds into double play, 4-6-3 (Groundball, 4)
Bottom of the 6th over - 0 run(s), 1 hit(s), 0 error(s), 0 left on base; Atlanta 1 - Ft. Worth 3
TOP OF THE 7TH
Atlanta Smoke batting - Pitching for Ft. Worth Cattlemen : RHP Nicholas Wells
Batting: RHB Mike Brown 0-0: Swinging Strike
0-1: Ground out 6-3 (Groundball, 6)
Batting: RHB Bartolo Morales 0-0: Called Strike
0-1: Ball
1-1: Called Strike
1-2: Ball
2-2: Ball
3-2: Foul Ball, location: 2F
3-2: Base on Balls
Batting: RHB Mike Burns 0-0: Ball
Bartolo Morales is caught stealing 2nd base
1-0: Ball
2-0: Ball
3-0: Called Strike
3-1: Called Strike
3-2: Fly out, F8 (Popup, 8LS)
Top of the 7th over - 0 run(s), 0 hit(s), 0 error(s), 0 left on base; Atlanta 1 - Ft. Worth 3
BOTTOM OF THE 7TH
Ft. Worth Cattlemen batting - Pitching for Atlanta Smoke : RHP Makoto Kato
Batting: LHB Ryan Westlake 0-0: Foul Ball, location: 2F
0-1: Fly out, F8 (Flyball, 89XD)
Batting: RHB Joey Morgan 0-0: Ball
1-0: Foul Ball, location: 2F
1-1: Ball
2-1: Foul Ball, location: 2F
2-2: Fly out, F7 (Popup, 6D)
Batting: LHB Pat McJannett 0-0: Ball
1-0: Called Strike
1-1: Swinging Strike
1-2: Ball
2-2: Strikes out looking
Bottom of the 7th over - 0 run(s), 0 hit(s), 0 error(s), 0 left on base; Atlanta 1 - Ft. Worth 3
TOP OF THE 8TH
Atlanta Smoke batting - Pitching for Ft. Worth Cattlemen : RHP Nicholas Wells
Batting: LHB Albert Morán 0-0: Called Strike
0-1: Called Strike
0-2: Ball
1-2: Foul Ball, location: 2F
1-2: SINGLE (Groundball, 3D)
Pitching: LHP Juan Sánchez
Batting: RHB Cale Sutton 0-0: Ball
1-0: Fly out, F9 (Line Drive, 9LM)
Batting: LHB Armando Esparza 0-0: Ball
1-0: Ball
2-0: Foul Ball, location: 2F
2-1: Swinging Strike
2-2: Strikes out looking
Pitching: RHP Harold Taylor
Batting: RHB Iván Pérez 0-0: Ball
1-0: Ball
2-0: Called Strike
2-1: Ball
3-1: Base on Balls
Albert Morán to second
Batting: RHB Bob Campbell 0-0: Ball
1-0: SINGLE (Line Drive, 8LS)
Albert Morán to third
Iván Pérez to second
Runner from 3rd tries for Home, SAFE, no throw or cutoff
Batting: RHB Chris Teague 0-0: Fly out, F9 (Flyball, 9M)
Top of the 8th over - 1 run(s), 2 hit(s), 0 error(s), 2 left on base; Atlanta 2 - Ft. Worth 3
BOTTOM OF THE 8TH
Ft. Worth Cattlemen batting - Pitching for Atlanta Smoke : RHP Makoto Kato
Batting: LHB Toyokazu Asano 0-0: Ball
1-0: Called Strike
1-1: Called Strike
1-2: Ball
2-2: Fly out, F9 (Flyball, 9S)
Batting: LHB Bill Burgess 0-0: Called Strike
0-1: Ball
1-1: Foul Ball, location: 2F
1-2: Ball
2-2: Fly out, F8 (Flyball, 8RS)
Batting: RHB Jack Weber 0-0: Foul Ball, location: 2F
0-1: Fly out, F9 (Line Drive, 89S)
Bottom of the 8th over - 0 run(s), 0 hit(s), 0 error(s), 0 left on base; Atlanta 2 - Ft. Worth 3
TOP OF THE 9TH
Atlanta Smoke batting - Pitching for Ft. Worth Cattlemen : RHP Harold Taylor
Pitching: RHP Jim Washington
Now at 1B: Orlando Trevino
Now at 3B: Mike Blue
Pinch Hitting: LHB Michael Smith 0-0: Ball
1-0: Foul Ball, location: 2F
1-1: Foul Ball, location: 2F
1-2: Foul Ball, location: 2F
1-2: Ground out 3-1 (Groundball, 34)
Batting: RHB Bartolo Morales 0-0: Called Strike
0-1: Foul Ball, location: 2F
0-2: Foul Ball, location: 2F
0-2: SOLO HOME RUN (Flyball, 78XD), Distance : 412 ft
Batting: RHB Mike Burns 0-0: Ball
1-0: Ball
2-0: Ball
3-0: Called Strike
3-1: Foul Ball, location: 2F
3-2: Foul Ball, location: 2F
3-2: Base on Balls
Batting: LHB Albert Morán 0-0: Ball
Throwing error on steal attempt, E2
Mike Burns to third
1-0: Intentional Walk
Batting: RHB Cale Sutton 0-0: SINGLE (Groundball, 13) (infield hit)
Mike Burns scores
Albert Morán to second
Batting: LHB Armando Esparza 0-0: Ball
1-0: Ball
2-0: Called Strike
Albert Morán steals 3rd base
Cale Sutton to second
2-1: Intentional Walk
Batting: RHB Iván Pérez 0-0: Ball
1-0: Fly out, F8 (Flyball, 8LM)
Runner from 3rd tags up, SCORES, no throw
Pitching: RHP Lorenzo Marín
Batting: RHB Bob Campbell 0-0: Ball
1-0: Ball
2-0: Ball
3-0: Called Strike
3-1: Foul Ball, location: 2F
3-2: Foul Ball, location: 2F
3-2: Ground out 6-3 (Groundball, 6)
Top of the 9th over - 3 run(s), 2 hit(s), 1 error(s), 2 left on base; Atlanta 5 - Ft. Worth 3
BOTTOM OF THE 9TH
Ft. Worth Cattlemen batting - Pitching for Atlanta Smoke : RHP Makoto Kato
Now at C: Jason Wise
Now at 1B: Michael Smith
Batting: SHB Robby Day 0-0: Swinging Strike
0-1: Ball
1-1: Fly out, F8 (Flyball, 8RXD)
Batting: LHB Mike Blue 0-0: Hit by Pitch
Pitching: RHP Mike Farrell
Batting: LHB Orlando Trevino 0-0: Ball
1-0: Foul Ball, location: 2F
1-1: SINGLE (Line Drive, 89M)
Mike Blue to second
Batting: LHB Ryan Westlake 0-0: Called Strike
0-1: Foul Ball, location: 2F
0-2: Ball
1-2: Foul Ball, location: 2F
1-2: Strikes out swinging
Batting: RHB Joey Morgan 0-0: Called Strike
0-1: Ball
1-1: Called Strike
1-2: Foul Ball, location: 2F
1-2: Fly out, F8 (Flyball, 8RS)
Bottom of the 9th over - 0 run(s), 1 hit(s), 0 error(s), 2 left on base; Atlanta 5 - Ft. Worth 3
This league is powered by Out of the Park Baseball, the baseball management simulation game for PC, Mac and Linux
Friday, April 15th, 2016 - OOTP Baseball 16.9 Build 39